 Dungeon Crawl Stone Soup version 0.23.2-30-g0e89c35649 (webtiles) character file.

Game seed: 13709010514543244339

33113 HEYYEYAAE the Impaler (level 13, -1/102 HPs)
             Began as a Demigod Gladiator on June 10, 2019.
             Slain by a shadow (illusionary) (25 damage)
             ... on level 15 of the Dungeon.
             The game lasted 00:17:03 (14588 turns).

HEYYEYAAE the Impaler (Demigod Gladiator)          Turns: 14588, Time: 00:17:04

Health: -1/102     AC: 22    Str: 30    XL:     13   Next: 6%
Magic:  0/16       EV: 16    Int: 12    God:
Gold:   573        SH:  0    Dex: 17    Spells: 12/12 levels left

rFire    . . .     SeeInvis .   D - +9 halberd (protect)
rCold    . . .     Gourm    .   (shield currently unavailable)
rNeg     . . .     Faith    .   N - +1 troll leather armour
rPois    +         Spirit   +   c - +0 helmet
rElec    .         Reflect  .   h - +2 cloak
rCorr    .         Harm     .   L - +2 pair of gloves
MR       +....                  e - +0 pair of boots
Stlth    ..........             R - amulet of guardian spirit
HPRegen  0.67/turn              T - ring of attention (curse)
MPRegen  0.15/turn              b - ring of poison resistance

@: mighty, protection aura
A: high mp 1
a: no special abilities


You were on level 15 of the Dungeon.
You were not hungry.

You visited 1 branch of the dungeon, and saw 15 of its levels.
You also visited: Sewer and Bailey.

You collected 923 gold pieces.
You spent 350 gold pieces at shops.

Inventory:

Hand Weapons
 D - a +9 halberd of protection (weapon)
 O - a cursed -1 spear
Missiles
 d - 4 throwing nets (quivered)
Armour
 c - a +0 helmet (worn)
 e - a +0 pair of boots (worn)
 h - a +2 cloak (worn)
 j - a +2 ring mail of cold resistance
 L - a +2 pair of gloves (worn)
 N - a +1 troll leather armour (worn)
Jewellery
 b - a ring of poison resistance (right hand)
 E - an uncursed ring of magical power
 R - an amulet of guardian spirit (around neck)
 T - a cursed ring of attention (left hand)
 U - an uncursed amulet of magic regeneration {unknown}
 V - an uncursed ring of resist corrosion
Wands
 v - a wand of disintegration (13)
 x - a wand of random effects (26)
 z - a wand of clouds (1)
 G - a wand of flame (22)
 I - a wand of paralysis (5)
Scrolls
 g - 5 scrolls of remove curse
 i - a scroll of immolation
 m - 4 scrolls of fear
 q - 2 scrolls of magic mapping
 u - 3 scrolls of blinking
 A - a scroll of enchant weapon
 B - a scroll of torment {unknown}
 F - a scroll of silence {unknown}
 H - 5 scrolls of teleportation
 K - 3 scrolls of amnesia
 P - a scroll of acquirement {unknown}
 Q - a scroll of noise {unknown}
Potions
 a - 2 potions of cancellation
 k - 3 potions of might
 l - 7 potions of curing
 n - 2 potions of mutation {unknown}
 o - 4 potions of agility
 p - 4 potions of lignification {unknown}
 r - a potion of flight {unknown}
 s - 5 potions of brilliance {unknown}
 t - 8 potions of heal wounds
 w - 2 potions of degeneration {unknown}
 C - a potion of ambrosia {unknown}
 J - a potion of invisibility {unknown}
 M - 3 potions of berserk rage {unknown}
Comestibles
 f - 28 rations


   Skills:
 + Level 6.1 Fighting
 + Level 17.6 Polearms
 - Level 1.7 Throwing
 + Level 5.7 Armour
 + Level 6.4 Dodging


You had 12 spell levels left.
You didn't know any spells.
Your spell library contained the following spells:

 Spells                   Type           Power        Failure   Level  Hunger
 Beastly Appendage        Tmut           #.....       36%         1    ##.....
 Flame Tongue             Conj/Fire      #....        36%         1    ##.....
 Shock                    Conj/Air       #...         36%         1    ##.....
 Sticks to Snakes         Tmut           #.......     50%         2    ###....
 Swiftness                Chrm/Air       #.......     50%         2    ###....
 Throw Flame              Conj/Fire      #.....       50%         2    ###....
 Conjure Flame            Conj/Fire      #.......     73%         3    ####...
 Inner Flame              Hex/Fire       #.......     73%         3    ####...
 Spider Form              Tmut/Pois      #.........   73%         3    ####...
 Static Discharge         Conj/Air       #.......     73%         3    ####...
 Airstrike                Air            #.........   98%         4    #####..
 Ice Form                 Ice/Tmut       #.......     98%         4    #####..
 Sticky Flame             Conj/Fire      #.......     98%         4    #####..
 Blade Hands              Tmut           #.........   100%        5    ######.
 Fireball                 Conj/Fire      #.........   100%        5    ######.
 Lightning Bolt           Conj/Air       #.........   100%        5    ######.


Dungeon Overview and Level Annotations

Branches:
Dungeon (15/15)            Temple (0/1) D:7            Lair (0/6) D:8
    Orc (0/2) D:9          Vaults (0/5) D:14
 Depths: D:15

Shops:
D:4 [   D:10 *

Annotations:
D:3 1 runed translucent door, DKeggars's ghost, amateur GrEE


Innate Abilities, Weirdness & Mutations

You have an increased reservoir of magic. (+10% MP)


Message History

Aim: a shadow (moderately damaged)
You closely miss the shadow.
The shadow is moderately damaged.
The acid dragon spits acid at you. The splash of acid hits you.
You are splashed with acid!
* * * LOW HITPOINT WARNING * * *
The shadow slips into darkness.
The shadow flickers and vanishes!
Deactivating autopickup; reactivate with Ctrl-A.
You hear a shout!
You hear a loud, deep croak!
A rakshasa comes into view. It is wielding a +0 long sword.
A bullfrog comes into view.
The rakshasa weaves an illusion.
The cyclops throws a large rock.
The large rock misses you.
The shadow strikes at you from the darkness!
* * * LOW HITPOINT WARNING * * *
Reactivating autopickup.
You see here a large rock.
The shadow strikes at you from the darkness!
You die...

.#.. ...
#C.######
#○...○..#
#..○....#
.####.....<.#
.C.D..)s....#
#<(W..#
###@##....
#.......# #
#.##.......#
.. ..##F##.#
... #R# .# .#
#.# . ... .
#.# ##


You could see a rakshasa, a wolf spider (confused), a cyclops, a shadow and a
bullfrog.

Vanquished Creatures
  Rupert (D:12)
  An ogre mage (D:9)
  An ice dragon (D:15)
  A hydra (D:9)
  A centaur warrior (D:13)
  2 dancing weapons (D:14)
  10 two-headed ogres
  2 tengu warriors (D:13)
  An unseen horror (D:11)
  2 orc knights (Bailey)
  A deep elf mage (D:14)
  A cyclops (D:11)
  A manticore (D:13)
  Joseph (D:7)
  2 gargoyles
  A komodo dragon (D:11)
  A redback zombie (D:15)
  3 trolls
  A hornet (D:9)
  5 hippogriffs
  2 dream sheep (D:9)
  2 yaks (D:9)
  A wraith (D:14)
  A shadow (D:11)
  2 wyverns
  A hungry ghost (D:11)
  An acid dragon (D:14)
  A water moccasin (D:10)
  19 orc warriors
  6 sky beasts
  2 black bears
  An ice beast (D:10)
  3 phantoms
  A hornet zombie (D:11)
  18 ogres
  2 necrophages
  3 centaurs
  7 big kobolds
  A crocodile (D:9)
  8 bullfrogs
  2 wyvern zombies
  A hornet simulacrum (D:15)
  9 scorpions
  2 wyvern skeletons
  3 wights (D:7)
  13 killer bees
  An electric eel (D:9)
  6 crimson imps
  6 howler monkeys
  A quasit (D:5)
  4 centaur zombies
  5 jellies
  4 hounds
  12 orc priests
  A bullfrog skeleton (D:7)
  5 centaur skeletons
  11 orc wizards
  5 iguanas
  20 worker ants
  2 ogre zombies (D:9)
  A hound zombie (D:8)
  2 hound skeletons (D:10)
  A worker ant zombie (D:8)
  4 gnolls
  A howler monkey skeleton (D:10)
  15 adders
  7 river rats
  4 shadow imps
  2 oozes
  An adder skeleton (D:9)
  4 adder zombies
  2 worms (D:3)
  A dart slug (D:1)
  7 leopard geckos
  106 orcs
  10 ball pythons
  8 giant cockroaches
  14 goblins
  3 hobgoblins
  6 jackals
  26 kobolds
  A quokka (D:2)
  9 bats
  6 frilled lizards
  A jackal skeleton (D:8)
  A leopard gecko skeleton (D:4)
  27 rats
504 creatures vanquished.

Vanquished Creatures (others)
  A death knight (D:15)
  A hound (D:14)
  A quokka (D:2)
3 creatures vanquished.

Grand Total: 507 creatures vanquished

Notes
Turn   | Place    | Note
-------+----------+-------------------------------------------
     0 | D:1      | HEYYEYAAE the Demigod Gladiator began the quest for the
                  | Orb.
     0 | D:1      | Reached XP level 1. HP: 17/17 MP: 3/3
    99 | D:1      | Reached skill level 3 in Polearms
   164 | D:1      | Reached XP level 2. HP: 20/24 MP: 4/4
   462 | D:1      | Reached XP level 3. HP: 29/29 MP: 5/5
   485 | D:1      | Reached skill level 4 in Polearms
  1086 | D:2      | Reached XP level 4. HP: 31/36 MP: 6/6
  1399 | D:2      | Found a stormy altar of Qazlal.
  1407 | D:2      | Reached skill level 5 in Polearms
  1783 | D:3      | Found a glowing drain.
  1792 | Sewer    | Entered a sewer
  1899 | Sewer    | Reached XP level 5. HP: 41/41 MP: 7/7
  2229 | Sewer    | HP: 2/41 [big kobold/+0 whip (4)]
  2237 | Sewer    | Reached skill level 6 in Polearms
  2699 | D:3      | Found a runed translucent door.
  2717 | D:3      | Reached XP level 6. HP: 48/48 MP: 8/8
  3102 | D:3      | Reached skill level 7 in Polearms
  3604 | D:3      | Noticed DKeggars's ghost (amateur GrEE)
  3742 | D:4      | Reached XP level 7. HP: 24/53 MP: 9/9
  3995 | D:4      | Reached skill level 8 in Polearms
  4118 | D:4      | Found Osuum's Antique Armour Shoppe.
  4513 | D:5      | Entered Level 5 of the Dungeon
  4577 | D:5      | Reached skill level 9 in Polearms
  5016 | D:5      | Reached XP level 8. HP: 60/60 MP: 10/10
  5281 | D:5      | Found a hide-covered altar of Uskayaw.
  5710 | D:6      | Found a sacrificial altar of Ru.
  5722 | D:6      | Reached skill level 10 in Polearms
  5994 | D:6      | Found a burning altar of Makhleb.
  6071 | D:6      | Found an opulent altar of Gozag.
  6211 | D:7      | Noticed Joseph
  6252 | D:7      | Killed Joseph
  6252 | D:7      | Reached skill level 11 in Polearms
  6435 | D:7      | Found a glowing golden altar of the Shining One.
  6902 | D:7      | Reached XP level 9. HP: 67/67 MP: 11/11
  6939 | D:7      | Found a staircase to the Ecumenical Temple.
  7086 | D:7      | Reached skill level 12 in Polearms
  7674 | D:8      | Found a staircase to the Lair.
  7922 | D:8      | Reached skill level 13 in Polearms
  8101 | D:8      | Noticed a gargoyle
  8117 | D:8      | Killed a gargoyle
  8139 | D:8      | Reached XP level 10. HP: 58/73 MP: 13/13
  8557 | D:9      | Found an iron altar of Okawaru.
  9061 | D:9      | Found a staircase to the Orcish Mines.
  9093 | D:9      | Reached skill level 14 in Polearms
  9449 | D:9      | Noticed a three-headed hydra
  9454 | D:9      | Killed a three-headed hydra
  9593 | D:9      | Reached skill level 15 in Polearms
  9789 | D:9      | Noticed a two-headed ogre
  9789 | D:9      | Noticed a two-headed ogre
  9797 | D:9      | Noticed a two-headed ogre
  9801 | D:9      | Killed a two-headed ogre
  9817 | D:9      | Killed a two-headed ogre
  9817 | D:9      | Reached XP level 11. HP: 65/79 MP: 14/14
  9822 | D:9      | Killed a two-headed ogre
  9888 | D:9      | Noticed a two-headed ogre
  9889 | D:9      | Noticed a two-headed ogre
  9889 | D:9      | Noticed a two-headed ogre
  9890 | D:9      | Noticed an ogre mage
  9895 | D:9      | Killed a two-headed ogre
  9900 | D:9      | Killed a two-headed ogre
  9900 | D:9      | Reached skill level 16 in Polearms
  9904 | D:9      | Killed an ogre mage
  9916 | D:9      | Killed a two-headed ogre
  9921 | D:9      | HP: 2/79 [ogre/+0 giant club (22)]
 10315 | D:10     | Entered Level 10 of the Dungeon
 10389 | D:10     | Found Uhedghounk's Assorted Antiques.
 10397 | D:10     | Bought a scroll of identify for 56 gold pieces
 10397 | D:10     | Bought a scroll of teleportation for 84 gold pieces
 10397 | D:10     | Bought a pair of embroidered gloves for 210 gold pieces
 10713 | D:10     | Noticed a two-headed ogre
 10718 | D:10     | Killed a two-headed ogre
 11533 | D:11     | Reached skill level 1 in Armour
 11618 | D:11     | Killed an unseen horror
 11618 | D:11     | Reached skill level 17 in Polearms
 11686 | D:11     | Found a flagged portal.
 11705 | Bailey   | Entered a bailey
 11861 | Bailey   | Noticed an orc knight
 11871 | Bailey   | Killed an orc knight
 11871 | Bailey   | Reached XP level 12. HP: 88/89 MP: 15/15
 12843 | D:12     | Noticed Rupert
 12850 | D:12     | Paralysed by Rupert for 6 turns
 12860 | D:12     | Killed Rupert
 12945 | D:12     | Reached skill level 5 in Dodging
 13505 | D:13     | Reached skill level 5 in Fighting
 13723 | D:13     | Noticed a centaur warrior
 13736 | D:13     | Killed a centaur warrior
 14046 | D:13     | Reached skill level 5 in Armour
 14337 | D:14     | Found a gate to the Vaults.
 14550 | D:15     | Entered Level 15 of the Dungeon
 14556 | D:15     | Reached XP level 13. HP: 97/102 MP: 14/16
 14588 | D:15     | Slain by a shadow (illusionary)

Skill      XL: |  1  2  3  4  5  6  7  8  9 10 11 12 13 |
---------------+----------------------------------------+-----
Polearms       | 3 4 5 6 7 9 11 13 15 17 | 17.6
Fighting       | 3 5 6 |  6.1
Dodging        | 3 6 |  6.4
Armour         | 2 5 |  5.7
Throwing       | |  1.7

Action                   |  1- 3 |  4- 6 |  7- 9 | 10-12 | 13-15 || total
-------------------------+-------+-------+-------+-------+-------++-------
Melee: Trident           |   121 |   394 |   266 |       |       ||   781
       Halberd           |       |       |   223 |   758 |    20 ||  1001
Evoke: Wand              |       |       |     7 |    32 |     4 ||    43
  Use: Scroll            |       |     6 |     8 |    10 |     2 ||    26
       Potion            |       |     2 |     3 |     3 |     1 ||     9
 Stab: Sleeping          |     1 |       |     1 |     2 |       ||     4
       Confused          |       |       |       |     4 |     3 ||     7
  Eat: Chunk             |       |    10 |    14 |    21 |       ||    45
Armor: Leather armour    |    11 |       |       |       |       ||    11
       Ring mail         |    27 |   147 |   213 |    81 |       ||   468
       Troll leather arm |       |       |       |    95 |     9 ||   104
Dodge: Dodged            |    72 |   307 |   289 |   347 |    13 ||  1028
